 Dungeon Crawl Stone Soup version 0.25-a0-737-g26c3a87c45 (webtiles) character file.

Game seed: 8559699868068305128, levelgen mode: deterministic

3 magipi the Chucker (level 1, 0/12 HPs)
             Began as a Tengu Hunter on Apr 11, 2020.
             Slain by a leopard gecko (2 damage)
             ... on level 1 of the Dungeon.
             The game lasted 00:00:28 (39 turns).

magipi the Chucker (Tengu Hunter)                     Turns: 39, Time: 00:00:29

Health: 0/12       AC:  3    Str: 12    XL:     1   Next: 50%
Magic:  2/2        EV: 12    Int: 11    God:
Gold:   0          SH:  0    Dex: 14    Spells: 0/0 levels left

rFire    . . .     SeeInvis .   a - +0 short sword
rCold    . . .     Gourm    .   (no shield)
rNeg     . . .     Faith    .   b - +0 leather armour
rPois    .         Spirit   .   (helmet restricted)
rElec    .         Reflect  .   (no cloak)
rCorr    .         Harm     .   (no gloves)
MR       .....                  (boots unavailable)
Stlth    +.........             (no amulet)
HPRegen  0.04/turn              (no ring)
MPRegen  0.08/turn              (no ring)

@: no status effects
A: beak, talons 3
a: no special abilities


You were on level 1 of the Dungeon.
You were not hungry.

You visited 1 branch of the dungeon, and saw 1 of its levels.

Inventory:

Hand Weapons
 a - a +0 short sword (weapon)
Missiles
 c - 2 javelins (quivered)
 d - 2 throwing nets
Armour
 b - a +0 leather armour (worn)
Comestibles
 f - a ration


   Skills:
 + Level 2.0 Fighting
 * Level 4.1 Throwing
 + Level 2.3 Dodging
 - Level 1.0 Stealth


You couldn't memorise any spells.
You didn't know any spells.
Your spell library was empty.

Dungeon Overview and Level Annotations

Branches:
Dungeon (1/15)

Altars:


Innate Abilities, Weirdness & Mutations

You have a beak for a mouth.
You have claws for feet.


Message History

Welcome, magipi the Tengu Hunter.
Will you prevail where others failed? Will you find the Orb of Zot?
Press ? for a list of commands and other information.
Found a mace and 3 gold pieces.
Found a staircase leading out of the dungeon.
A leopard gecko comes into view.
A bat and a kobold come into view.
The kobold shouts!
You hear a shout!
The leopard gecko hisses angrily.
Found a cyan potion and a yellow potion.
You see here 3 gold pieces.
A dart slug comes into view.
A goblin comes into view.
You see here 3 gold pieces.
A bat comes into view.
The bat closely misses you.
The bat moves out of view.
The bat hits you. The bat hits you but does no damage.
The leopard gecko misses you. The bat hits you. The bat closely misses you.
Found a ration.
The bat barely misses you. The bat barely misses you. x2
The bat closely misses you. The bat misses you. The bat closely misses you.
The leopard gecko misses you. The bat barely misses you. x2
The bat hits you but does no damage. The bat misses you. The bat hits you.
The bat hits you but does no damage. The bat barely misses you.
The bat hits you.
You hit the bat.
You kill the bat!
The bat hits you but does no damage. The leopard gecko barely misses you.
The bat closely misses you.
You see here a bat corpse.
The bat hits you but does no damage. The bat closely misses you.
The bat barely misses you.
Found a dark potion.
The bat barely misses you.
You closely miss the leopard gecko. Your peck misses the leopard gecko.
The leopard gecko bites you.
Unknown command.
You see here a dark potion.
The leopard gecko barely misses you. The leopard gecko barely misses you.
Found 2 metallic coppery potions.
Throwing (i - inventory. (/) - cycle)
c - 6 javelins (quivered)
Press: ? - help, Shift-Dir - straight line You throw a javelin.
The javelin closely misses the leopard gecko.
The javelin closely misses the bat.
The javelin closely misses the kobold.
The javelin pierces through the goblin!
You kill the goblin!
The leopard gecko bites you.
* * * LOW HITPOINT WARNING * * *
Throwing (i - inventory. (/) - cycle)
c - 5 javelins (quivered)
Press: ? - help, Shift-Dir - straight line, f - leopard gecko
Aim: a leopard gecko You throw a javelin.
The javelin closely misses the leopard gecko.
The javelin pierces through the bat.
You kill the bat!
The javelin pierces through the kobold.
You kill the kobold!
The leopard gecko closely misses you. The leopard gecko misses you.
Unknown command.
Throwing (i - inventory. (/) - cycle)
c - 4 javelins (quivered)
Press: ? - help, Shift-Dir - straight line, f/p - leopard gecko
Aim: a leopard gecko You throw a javelin.
The javelin barely misses the leopard gecko.
The leopard gecko closely misses you.
Unknown command.
Throwing (i - inventory. (/) - cycle)
c - 3 javelins (quivered)
Press: ? - help, Shift-Dir - straight line, f/p - leopard gecko
Aim: a leopard gecko You throw a javelin.
The javelin pierces through the leopard gecko but does no damage.
The leopard gecko bites you.
You die...

####..#######!..#
#... #(..# .....
#†### ##.# #.#
###.# #..)# #.#.#
#.#l# # #@#
#....!...
..######. ####


You could see a leopard gecko.

Vanquished Creatures
  A goblin (D:1)
  2 bats (D:1)
  A kobold (D:1)
4 creatures vanquished.

Notes
Turn   | Place    | Note
-------+----------+-------------------------------------------
     0 | D:1      | magipi the Tengu Hunter began the quest for the Orb.
     0 | D:1      | Reached XP level 1. HP: 12/12 MP: 2/2
    39 | D:1      | Slain by a leopard gecko

Levels and vault maps discovered:
D:1:      minmay_arrival_four_circles, layout_loops_ring

Action                   || total
-------------------------++-------
Melee: Short sword       ||     2
Throw: Javelin           ||     4
Armor: Leather armour    ||     5
Dodge: Dodged            ||    24

Table legend:
 A = Non-vault XP
 B = Vault XP
 C = Vault XP percentage of total XP
 D = Non-vault monster count
 E = Vault monster count
 F = Vault count percentage of total count
                 A         B        C        D         E       F
            +---------+---------+-------+---------+---------+-------
      Total |       5 |       0 |   0.0 |       4 |       0 |   0.0
            +---------+---------+-------+---------+---------+-------
        D:1 |       5 |       0 |   0.0 |       4 |       0 |   0.0
            +---------+---------+-------+---------+---------+-------

Action                   || total
-------------------------++-------
Melee: Short sword       ||     2
Throw: Javelin           ||     4
Armor: Leather armour    ||     5
Dodge: Dodged            ||    24
